Map: Prion Terraces

Players

Miszu - Winner!

  • Race: Terran Terran
  • League: Grandmaster

IIIIIIIIIIII

  • Race: Protoss Protoss
  • League: Grandmaster

VOD

Have the link to the VOD?

Description

Time

  • Played on: Feb. 13, 2016, 4:24 p.m.
  • Length: 12:29
Show
View Real Time Build Order
Export as new Build Order

Miszu Terran - Winner!

Build Orders: Command Center First (CC), MMM Bio 

Get SALT Encoding   

  12  0:00  SCV  
  13  0:13  SCV  
  14  0:17  Supply Depot  
  14  0:25  SCV  
  15  0:38  SCV  
  16  0:52  SCV  
  18  1:04  SCV  
  18  1:05  Command Center  
  18  1:16  SCV  
  19  1:25  Barracks  
  19  1:28  SCV  
  19  1:30  Barracks  
  20  1:40  SCV  
  20  1:43  Barracks  
  21  1:52  SCV  
  22  2:04  SCV  
  23  2:17  Marine, Orbital Command  
  23  2:20  Orbital Command  
  23  2:21  Marine  
  25  2:29  Marine  
  25  2:35  Marine  
  27  2:41  Marine  
  28  2:44  Refinery, SCV  
  28  2:45  Refinery  
  28  2:46  SCV  
  28  2:47  Marine  
  28  2:51  Supply Depot  
  31  2:52  Marine  
  31  2:56  SCV  
  33  2:58  SCV  
  33  2:59  Marine  
  33  3:05  Marine  
  35  3:07  Supply Depot  
  35  3:08  SCV  
  35  3:11  SCV  
  35  3:12  Marine  
  39  3:17  Barracks Tech Lab  
  39  3:21  SCV  
  39  3:23  Marine, SCV  
  42  3:30  Marine  
  42  3:31  Supply Depot  
  42  3:33  SCV  
  44  3:35  SCV  
  44  3:39  Marine  
  44  3:40  Stimpack  
  46  3:45  Engineering Bay, SCV  
  46  3:47  Supply Depot, SCV  
  48  3:55  Marine x2  
  48  3:57  Marine, SCV  
  48  3:58  Refinery  
  48  3:59  SCV  
  53  4:09  SCV  
  54  4:10  Factory, Supply Depot  
  54  4:12  SCV  
  54  4:13  Terran Infantry Weapons Level 1, Marine  
  56  4:21  SCV  
  56  4:23  Marine x2  
  59  4:24  SCV  
  59  4:25  Supply Depot  
  59  4:31  Marine  
  60  4:32  Supply Depot  
  60  4:33  SCV  
  60  4:36  SCV  
  63  4:40  Marine  
  63  4:42  Marine  
  66  4:45  SCV  
  66  4:49  SCV  
  66  4:50  Command Center  
  66  4:55  Starport  
  66  4:56  Factory Reactor  
  66  4:57  SCV  
  65  5:01  Marine x2, Marauder, SCV  
  65  5:06  Supply Depot  
  70  5:09  SCV  
  70  5:10  Refinery  
  70  5:13  SCV  
  72  5:18  Supply Depot  
  72  5:19  Marine x2  
  74  5:22  SCV  
  74  5:25  SCV  
  78  5:28  Marauder  
  78  5:34  SCV  
  79  5:37  SCV  
  79  5:38  Barracks Reactor, Barracks Tech Lab  
  79  5:39  Barracks  
  79  5:41  Barracks  
  79  5:42  Medivac x2  
  84  5:46  SCV  
  84  5:48  Starport  
  84  5:49  Fusion Core, SCV  
  86  5:58  SCV  
  86  6:01  Refinery, SCV  
  86  6:02  Supply Depot, Marauder  
  90  6:05  Refinery  
  90  6:07  Marauder  
  92  6:14  Orbital Command  
  92  6:19  Medivac x2  
  92  6:20  SCV x2  
  92  6:23  Marine  
  99  6:29  Combat Shields  
  99  6:30  Barracks Tech Lab  
  99  6:31  Barracks Reactor  
  99  6:32  Starport Tech Lab, SCV x2  
  100  6:36  Liberator  
  97  6:41  Marine, Marauder  
  97  6:44  SCV  
  101  6:48  Liberator  
  101  6:50  Liberator  
  101  6:51  Marine  
  101  6:52  Marine, Marauder  
  111  6:55  Advanced Ballistics  
  111  6:56  SCV x3  
  111  7:01  Marine  
  112  7:03  Marauder  
  112  7:04  Supply Depot  
  112  7:08  Supply Depot, SCV x2  
  122  7:09  Marine  
  122  7:11  Supply Depot  
  123  7:16  Marine x2, Marauder  
  123  7:17  Marauder, Missile Turret  
  123  7:18  Liberator  
  123  7:19  Marine  
  123  7:20  SCV  
  131  7:24  Marauder  
  131  7:26  Supply Depot, Concussive Shells  
  133  7:30  Supply Depot  
  133  7:31  Liberator  
  136  7:37  Supply Depot  
  136  7:42  Marine, Marauder x2  
  136  7:43  Liberator  
  141  7:45  Marine  
  141  7:46  Marine x2, Marauder  
  149  7:51  Supply Depot  
  149  7:52  Supply Depot  
  148  7:58  Barracks  
  148  7:59  Barracks x2  
  148  8:00  Supply Depot, Marine  
  148  8:01  Liberator  
  148  8:03  Marine, Marauder  
  155  8:06  Marine x2  
  155  8:07  Marauder  
  156  8:17  Liberator  
  153  8:26  Liberator  
  148  8:30  SCV x3  
  142  8:42  SCV x3  
  142  8:43  Marauder  
  142  8:44  Liberator  
  142  8:45  Marine, Marauder  
  153  8:54  SCV x3  
  156  8:56  Barracks Tech Lab x2  
  156  8:58  Barracks Tech Lab  
  156  9:00  Liberator  
  159  9:05  Engineering Bay  
  159  9:07  Armory  
  162  9:33  Liberator x2  
  160  9:43  Liberator  
  127  9:59  Marine x3, Marauder  
  111  10:02  Marine, Marauder  
  111  10:03  Marauder x4  
  125  10:10  Orbital Command  
  125  10:16  Liberator  
  125  10:17  Marine x3  
  125  10:20  Marine  
  125  10:21  Marauder  
  131  10:23  Marauder, Missile Turret  
  131  10:24  Refinery, Marauder x2  
  131  10:26  Refinery  
  131  10:28  Marine, Marauder  
  139  10:34  Marine  
  139  10:35  Marine x2  
  146  10:37  Marine  
  146  10:41  Marine  
  148  10:44  Marine  
  148  10:45  Marine  
  148  10:46  Marine, Marauder  
  148  10:49  Marine  
  154  10:52  Marine  
  154  10:53  Marine x2  
  154  10:55  Marine  
  158  10:59  Marine  
  158  11:02  Marine  
  158  11:03  Marine  
  158  11:04  Marine  
  161  11:07  Marauder, Marine, Command Center  
  161  11:08  Liberator x3  
  161  11:10  Marine x2  
  161  11:11  Marine  
  168  11:13  Marine  
  168  11:18  Marauder  
  162  11:34  Marauder  
  162  11:35  Marauder  
  159  11:56  Marine, Marauder  
  154  12:11  Marine x7  
Show
View Real Time Build Order
Export as new Build Order

IIIIIIIIIIII Protoss 

Build Orders: 1 Gate Expand, Colossus Rush 

Get SALT Encoding   

  12  0:01  Probe (Chrono Boost)  
  13  0:11  Probe (Chrono Boost)  
  14  0:20  Pylon  
  14  0:22  Probe (Chrono Boost)  
  15  0:38  Gateway, Probe (Chrono Boost)  
  16  0:49  Probe (Chrono Boost)  
  17  0:50  Assimilator  
  17  0:59  Probe (Chrono Boost)  
  18  1:10  Probe (Chrono Boost)  
  19  1:22  Nexus  
  19  1:23  Probe (Chrono Boost)  
  20  1:33  Cybernetics Core  
  20  1:36  Probe (Chrono Boost)  
  21  1:42  Assimilator  
  21  1:47  Probe (Chrono Boost)  
  22  1:52  Pylon  
  22  1:57  Probe (Chrono Boost)  
  23  2:11  Adept, Probe (Chrono Boost)  
  23  2:12  Warp Gate  
  26  2:21  Probe (Chrono Boost)  
  27  2:32  Probe (Chrono Boost)  
  27  2:36  Probe (Chrono Boost)  
  29  2:39  Robotics Facility  
  29  2:42  Probe (Chrono Boost)  
  29  2:43  Adept  
  32  2:47  Probe (Chrono Boost)  
  33  2:53  Mothership Core (Chrono Boost)  
  33  2:57  Probe (Chrono Boost)  
  36  2:58  Assimilator  
  36  3:08  Probe (Chrono Boost)  
  36  3:11  Probe (Chrono Boost)  
  36  3:12  Adept  
  40  3:18  Probe (Chrono Boost)  
  41  3:22  Probe (Chrono Boost)  
  41  3:26  Pylon  
  42  3:27  Robotics Bay  
  42  3:28  Probe (Chrono Boost)  
  42  3:33  Probe  
  44  3:34  Warp Prism (Chrono Boost)  
  46  3:42  Pylon  
  46  3:43  Probe  
  46  3:45  Probe  
  48  3:53  Probe  
  49  3:57  Probe  
  49  4:01  Gateway  
  49  4:02  Gateway  
  50  4:04  Probe  
  50  4:09  Probe  
  52  4:14  Probe  
  52  4:16  Gravitic Drive, Disruptor (Chrono Boost)  
  56  4:21  Pylon, Probe  
  57  4:24  Twilight Council  
  57  4:25  Probe  
  57  4:28  Assimilator  
  58  4:33  Probe  
  59  4:39  Probe  
  59  4:40  Gateway  
  59  4:44  Disruptor (Chrono Boost)  
  63  5:01  Probe  
  63  5:02  Blink (Chrono Boost)  
  63  5:04  Nexus  
  63  5:06  Pylon  
  64  5:10  Colossus  
  70  5:21  Pylon  
  70  5:26  Stalker x3  
  76  5:32  Gateway  
  76  5:33  Forge  
  76  5:36  Pylon  
  76  5:38  Stalker  
  78  5:48  Extended Thermal Lance  
  78  5:52  Probe  
  78  5:53  Probe  
  80  5:58  Colossus  
  80  6:04  Probe  
  80  6:05  Probe  
  80  6:09  Adept  
  80  6:10  Zealot x2  
  94  6:15  Probe  
  94  6:17  Probe  
  96  6:20  Assimilator  
  96  6:21  Probe  
  96  6:22  Protoss Ground Weapons Level 1  
  96  6:24  Assimilator  
  96  6:25  Pylon  
  97  6:28  Pylon  
  97  6:31  Probe  
  98  6:45  Probe x2  
  100  6:49  Stalker x4, Warp Prism  
  100  6:50  Resonating Glaives (Chrono Boost)  
  100  6:53  Stalker  
  102  6:58  Probe  
  102  6:59  Probe x2  
  107  7:04  Photon Cannon x2  
  107  7:11  Probe  
  107  7:13  Stalker x4  
  116  7:17  Gateway  
  116  7:19  Colossus, Gateway  
  122  7:37  Sentry, Pylon  
  122  7:38  Pylon  
  122  7:39  Probe  
  125  7:54  Nexus  
  125  7:59  Pylon  
  125  8:05  Colossus  
  125  8:10  Stargate  
  125  8:11  Adept x4  
  125  8:12  Adept  
  135  8:14  Charge (Chrono Boost)  
  141  8:20  Protoss Ground Weapons Level 2  
  141  8:23  Probe  
  124  8:34  Adept  
  124  8:35  Adept x4  
  124  8:41  Pylon  
  131  8:53  Phoenix (Chrono Boost)  
  133  8:56  Sentry  
  133  8:57  Adept x2  
  133  8:58  Adept x2  
  133  9:00  Adept  
  145  9:07  Pylon  
  145  9:19  Stalker x2  
  145  9:22  Stalker  
  145  9:23  Assimilator  
  151  9:25  Assimilator  
  151  9:29  Stalker  
  151  9:30  Stalker  
  155  9:40  Stalker x2  
  158  9:52  Stalker x4  
  132  9:53  Stalker  
  132  10:04  Probe  
  132  10:05  Pylon  
  132  10:06  Warp Prism, Probe x2  
  137  10:19  Fleet Beacon  
  139  10:22  Stargate  
  139  10:24  Probe  
  138  10:32  Templar Archives  
  138  10:35  Colossus  
  138  10:47  Zealot x2  
  138  10:48  Zealot x2  
  152  11:10  Adept  
  152  11:11  Adept x6  
  130  11:35  High Templar x4  
  130  11:36  High Templar, Zealot x2  
  142  11:43  Archon  
  142  11:46  Archon  
  106  12:09  Zealot x4  
  106  12:10  Zealot x2  
Tags
 
Add a new tag
Caveats
  • Supply blocks, unpowered buildings, or Contaminate may cause inaccurate times.
  • Supply counts are checked every 10 seconds.